 Dungeon Crawl Stone Soup version 0.30.0-30-g96aa6591b8 (webtiles) character file.

Game seed: 4662367934414772291

83 BONEBRO the Slasher (level 4, -3/33 HPs)
             Began as a Merfolk Gladiator on June 29, 2023.
             Slain by a sleepcap (8 damage)
             ... on level 2 of the Dungeon.
             The game lasted 00:02:28 (1229 turns).

BONEBRO the Slasher (Merfolk Gladiator)             Turns: 1229, Time: 00:02:29

Health: -3/33      AC:  4    Str: 14    XL:     4   Next: 44%
Magic:  4/4        EV: 13    Int:  7    God:
Gold:   55         SH:  0    Dex: 17    Spells: 3/3 levels left

rFire   . . .        a - +0 long sword
rCold   . . .        (no shield)
rNeg    . . .        b - +0 leather armour
rPois   .            c - +0 helmet
rElec   .            (no cloak)
rCorr   .            (no gloves)
SInv    .            (no boots)
Will    .....        p - amulet of regeneration
Stlth   +            (no ring)
HPRegen 1.05/turn    (no ring)
MPRegen 0.09/turn

%: no passive effects
@: no status effects
A: (nimble swimmer 2), mertail
a: no special abilities


You were on level 2 of the Dungeon.
You visited 1 branch of the dungeon, and saw 2 of its levels.

You collected 55 gold pieces.

Inventory:

Hand Weapons
 a - a +0 long sword (weapon)
Missiles
 d - 3 throwing nets (quivered)
 e - a javelin
 l - 6 poisoned darts
Armour
 b - a +0 leather armour (worn)
 c - a +0 helmet (worn)
Jewellery
 p - an amulet of regeneration (around neck)
Scrolls
 f - a scroll of teleportation {unknown}
 g - 2 scrolls of amnesia {unknown}
 k - 2 scrolls of enchant weapon {unknown}
 q - a scroll of identify {unknown}
 r - a scroll of silence {unknown}
Potions
 h - a potion of cancellation {unknown}
 i - 3 potions of mutation {unknown}
 j - a potion of degeneration {unknown}
 m - a potion of haste {unknown}
 n - a potion of attraction {unknown}
 o - a potion of curing {unknown}


   Skills:
 - Level 2.1 Fighting
 + Level 6.2 Long Blades
 - Level 2.0 Throwing
 - Level 4.0 Dodging


You had 3 spell levels left.
You didn't know any spells.
Your spell library contained the following spells:

 Spells                   Type           Power      Damage    Failure   Level
 Fireball                 Conj/Fire      0%         3d3       100%        5
 Iskenderun's Battlesphe  Conj           0%         2d6       100%        5
 Conjure Ball Lightning   Conj/Air       0%         3x3d6     100%        6
 Orb of Destruction       Conj           0%         9d5       100%        7


Dungeon Overview and Level Annotations

Branches:
Dungeon (2/15)

Altars:


Innate Abilities, Weirdness & Mutations

((You are very nimble when in or above water. (Stealth+, EV+, Speed+++)))
Your lower body shifts to a powerful aquatic tail in water.


Message History

The frilled lizard is severely wounded.
The frilled lizard bites you but does no damage.
You hit the frilled lizard.
You kill the frilled lizard!
No target in view!
A kobold comes into view. It is wielding a +0 dagger.
The kobold shouts!
The kobold throws a stone.
The stone hits you but does no damage.
A sleepcap comes into view.
There are monsters nearby!
There are monsters nearby!
Found 8 gold pieces.
The kobold throws a stone.
The stone hits you but does no damage. The kobold hits you but does no damage.
You slash the kobold!
You kill the kobold!
The sleepcap barely misses you.
You hit the sleepcap.
The sleepcap is lightly damaged.
The sleepcap releases spores at you.
You are engulfed in a cloud of soporific spores!
You fall asleep.
The sleepcap releases spores at you!
You wake up.
You are too injured to fight recklessly!
You are too injured to fight recklessly!
You are too injured to fight recklessly!
You are too injured to fight recklessly!
You hit the sleepcap.
The sleepcap is lightly damaged.
The sleepcap releases spores at you.
You hit the sleepcap but do no damage.
The sleepcap is lightly damaged.
The sleepcap releases spores at you!
* * * LOW HITPOINT WARNING * * *
You are engulfed in a cloud of soporific spores!
You are unaffected.
You slash the sleepcap!
The sleepcap is heavily damaged.
The sleepcap releases spores at you!
You die...

###########.## #.....÷
#............# #......
#............####......
#............+.......#.
#............#######'#.
#............#.......÷#
#............#........#
#............#.........
#.:...@).?...#........#
#.....f......#........#
#............#........#
#......$.....##########
#............# ######
#............# #.....
#............# #.####
############## #.####
#.....


You could see a sleepcap.

Vanquished Creatures
  3 adders (D:2)
  A worm (D:2)
  2 dart slugs (D:1)
  4 ball pythons
  9 bats
  5 endoplasms
  A giant cockroach (D:1)
  3 goblins
  3 hobgoblins
  3 jackals (D:1)
  A quokka (D:1)
  4 frilled lizards
  2 kobolds
  5 rats
46 creatures vanquished.

Notes
Turn   | Place    | Note
-------+----------+-------------------------------------------
     0 | D:1      | BONEBRO the Merfolk Gladiator began the quest for the Orb.
     0 | D:1      | Reached XP level 1. HP: 16/16 MP: 1/1
    87 | D:1      | Reached skill level 4 in Long Blades
    97 | D:1      | Reached XP level 2. HP: 18/22 MP: 2/2
   279 | D:1      | Reached skill level 5 in Long Blades
   279 | D:1      | Reached XP level 3. HP: 25/27 MP: 3/3
   880 | D:2      | Reached XP level 4. HP: 28/33 MP: 4/4
  1050 | D:2      | Reached skill level 6 in Long Blades
  1229 | D:2      | Slain by a sleepcap

Illustrated notes

Levels and vault maps discovered:
D:1:      elethiomel_arrival_maze, layout_basic, kennysheep_crisscross
D:2:      layout_basic

Skill      XL: |  1  2  3  4 |
---------------+-------------+-----
Long Blades    | 4 5 6 |  6.2
Fighting       | |  2.1
Throwing       | |  2.0
Dodging        | |  4.0

Action                     |  1- 3 |  4- 6 || total
---------------------------+-------+-------++-------
  Melee: Long sword        |    94 |    32 ||   126
         Tailslap          |     2 |       ||     2
   Stab: Sleeping          |     2 |       ||     2
 Armour: Leather armour    |    39 |    10 ||    49
  Dodge: Dodged            |    63 |    14 ||    77
